Selects Airborne Battlegroup
Selects Heavy Machine Gun Paradrop
Heavy Machine Gun Paradrop
Construct Medical Station
Selects Paratrooper Squad Paradrop
Paratrooper Squad Paradrop
Construct Weapon Support Center
Construct Weapon Support Center
M3 Armored Personnel Carrier
Selects Anti-tank Gun Team Paradrop
M18 Hellcat Tank Destroyer
M1918 Browning Automatic Rifles
Selects Smoke Bombing Run
Selects Paradrop Reinforcements
Anti-tank Gun Team Paradrop
M18 Hellcat Tank Destroyer
M18 Hellcat Tank Destroyer
Heavy Machine Gun Paradrop
Selects Carpet Bombing Run
M18 Hellcat Tank Destroyer